 Dungeon Crawl Stone Soup version 0.32-a0-921-g04a7ad8e02 (webtiles) character file.

Game seed: 658265260820291431

13590 Momoko the Fighter (level 11, -13/157 HPs)
             Began as a Mountain Dwarf Hunter on Apr 11, 2024.
             Was a Priest of Qazlal.
             Killed from afar by a tengu reaver (25 damage)
             ... with a bolt of fire
             ... on level 12 of the Dungeon.
             The game lasted 00:34:25 (15223 turns).

Momoko the Fighter (Mountain Dwarf Hunter)         Turns: 15223, Time: 00:34:25

Health: -13/157    AC: 20    Str: 25    XL:     11   Next: 77%
Magic:  16/16      EV:  8    Int: 15    God:    Qazlal [***...]
Gold:   336        SH:  4    Dex: 13    Spells: 7/10 levels left

rFire   . . .        b - +3 morningstar (freeze)
rCold   . . .        (no shield)
rNeg    . . .        j - +0 chain mail
rPois   .            l - +2 helmet
rElec   .            m - +2 cloak
rCorr   .            O - +0 pair of gloves
SInv    .            (no boots)
Will    +....        L - amulet of magic regeneration Stlth
                     f - +6 ring of strength
HPRegen 0.46/turn    M - +6 ring of intelligence
MPRegen 0.55/turn

%: no passive effects
@: berserking (expiring), very quick
A: runic magic, artefact enchanting
a: Renounce Religion, Upheaval, Elemental Force


You were on level 12 of the Dungeon.
You worshipped Qazlal.
Qazlal was most pleased with you.
You visited 2 branches of the dungeon, and saw 13 of its levels.

You collected 681 gold pieces.
You spent 345 gold pieces at shops.

Inventory:

Hand Weapons
 a - a +0 war axe
 b - a +3 morningstar of freezing (weapon)
 K - a +3 trident of draining
Missiles
 E - 6 poisoned darts (quivered)
 G - 3 atropa-tipped darts
Armour
 h - a scarf of resistance
 j - a +0 chain mail (worn)
 l - a +2 helmet (worn)
 m - a +2 cloak (worn)
 J - a +0 ring mail of poison resistance
 O - a +0 pair of gloves (worn)
 Q - a +0 ring mail of fire resistance
 T - a +0 troll leather armour
Jewellery
 f - a +6 ring of strength (left hand)
 y - a ring of ice
 L - an amulet of magic regeneration (around neck)
 M - a +6 ring of intelligence (right hand)
 S - a +6 ring of strength
Talismans
 B - a beast talisman
Wands
 c - a wand of digging (4)
 e - a wand of flame (22)
 k - a wand of charming (10)
 D - a wand of warping (6)
 P - a wand of polymorph (8)
 U - a wand of acid (6)
Scrolls
 i - 6 scrolls of teleportation
 p - 4 scrolls of revelation {unknown}
 q - 6 scrolls of blinking
 u - 5 scrolls of fear
 w - 4 scrolls of noise {unknown}
 A - a scroll of fog {unknown}
 C - a scroll of brand weapon
 F - 2 scrolls of amnesia
 H - 3 scrolls of immolation
 I - a scroll of enchant weapon
 R - a scroll of silence {unknown}
 V - 2 scrolls of enchant armour {unknown}
 W - a scroll of poison {unknown}
Potions
 d - 5 potions of haste
 g - 2 potions of might
 n - 3 potions of heal wounds
 o - a potion of berserk rage
 r - 5 potions of curing
 s - 2 potions of attraction
 t - 2 potions of lignification
 v - a potion of mutation
 x - 2 potions of brilliance
 z - 3 potions of enlightenment
 N - 2 potions of cancellation {unknown}


   Skills:
 * Level 12.6 Fighting
 * Level 11.6(11.8) Axes
 - Level 3.4(8.2) Maces & Flails
 - Level 4.3 Ranged Weapons
 * Level 0.1 Throwing
 + Level 10.0 Armour
 - Level 1.3 Dodging
 - Level 0.6 Stealth
 * Level 7.4 Invocations
 + Level 1.9 Evocations


You had 7 spell levels left.
You knew the following spells:

 Your Spells              Type           Power      Damage    Failure   Level
a - Swiftness             Air            0%         N/A       75%         3

Your spell library contained the following spells:

 Spells                   Type           Power      Damage    Failure   Level
 Cigotuvi's Dreadful Rot  Necr/Alch/Air  0%         N/A       50%         2
 Summon Ice Beast         Ice/Summ       0%         N/A       75%         3
 Tukima's Dance           Hex            0%         N/A       75%         3
 Dimensional Bullseye     Hex/Tloc       0%         N/A       98%         4
 Ignite Poison            Fire/Alch      0%         N/A       98%         4
 Iskenderun's Mystic Bla Conj/Tloc 0%             2d3        (+2d1     98%         4
 Passage of Golubria      Tloc           0%         N/A       98%         4
 Freezing Cloud           Conj/Ice/Air   0%         6-21      100%        5
 Summon Mana Viper        Hex/Summ       0%         N/A       100%        5
 Yara's Violent Unravell  Hex/Alch       0%         3d3       100%        5
 Conjure Ball Lightning   Conj/Air       0%         3x3d6     100%        6
 Dispersal                Tloc           0%         N/A       100%        6
 Haunt                    Necr/Summ      0%         N/A       100%        7
 Monstrous Menagerie      Summ           0%         N/A       100%        7
 Borgnjor's Revivificati  Necr           0%         N/A       100%        8
 Death's Door             Necr           0%         N/A       100%        9


Dungeon Overview and Level Annotations

Branches:
Dungeon (12/15)            Temple (1/1) D:5            Lair (0/5) D:9
    Orc (0/2) D:12

Altars:
Ashenzari
Cheibriados
Dithmenos
Elyvilon
Fedhas
Gozag
Hepliaklqana
Kikubaaqudgha
Makhleb
Nemelex Xobeh
Okawaru
Qazlal
Ru
Sif Muna
Trog
Uskayaw
Vehumet
Wu Jian
Xom
Yredelemnul
Zin
The Shining One

Shops:
D:2 *(   D:11 !

Portals:
Trove: D:11 (give +8 demon trident)

Annotations:
D:1 2 transporters
D:2 exclusion: downstairs
D:3 Terence
D:5 exclusion: 2 downstairs
D:6 exclusion: downstairs
D:7 exclusion: downstairs
D:8 exclusion: downstairs
D:9 3 runed translucent doors, Smolly's ghost, novice CoBr; casual's ghost, journeyman DjAl; wilfster70's ghost, novice DrCj; zorb987's ghost, novice GnRe
D:11 water


Innate Abilities, Weirdness & Mutations

Your spellcasting is much less encumbered by armour.
You can use scrolls of enchantment on lesser artefacts.


Message History

The tengu reaver burns you!
The tengu reaver pecks you but does no damage.
The tengu reaver barely misses you.
You hit the tengu reaver. You freeze the tengu reaver.
The tengu reaver is lightly wounded.
The tengu reaver hits you but does no damage.
The tengu reaver pecks you but does no damage.
The tengu reaver claws you.
You miss the tengu reaver.
The tengu reaver is lightly wounded.
The tengu reaver barely misses you.
The tengu reaver pecks you but does no damage.
The tengu reaver claws you but does no damage.
You closely miss the tengu reaver. You completely miss the tengu reaver.
The tengu reaver hits you with a +2 war axe of flaming!
The tengu reaver burns you.
The tengu reaver pecks you but does no damage.
The tengu reaver claws you but does no damage.
You sock the tengu reaver! You freeze the tengu reaver.
The tengu reaver is lightly wounded.
The tengu reaver points at you and mumbles some strange words.
The bolt of cold hits you!!!
You impale the tengu reaver!! You freeze the tengu reaver!
The tengu reaver is heavily wounded.
The tengu reaver casts a spell at you. The bolt of cold hits you!
* * * LOW HITPOINT WARNING * * *
The tengu reaver blocks your attack.
The tengu reaver is heavily wounded.
The tengu reaver blocks your attack.
The tengu reaver is heavily wounded.
The tengu reaver gestures at you while chanting.
The bolt of lightning hits you!!
* * * LOW HITPOINT WARNING * * *
You hit the tengu reaver but do no damage.
The tengu reaver is heavily wounded.
The tengu reaver casts a spell at you. The bolt of fire hits you!!
You die...

#####'#### #.# #........#
#.## ####....>...# #..#
#..'........# ##.#
..##........# #.#
.###....>...# #.# ##
#........# #.# #........#
#.# #........# #@#
########## #Q#
###.#########
#...........#
#...........#
##############...........#
..................<......#
#Q############...........#
#.# #...........#


You could see a tengu reaver (repels missiles).

Vanquished Creatures
  A two-headed ogre (D:10)
  A boulder beetle (D:11)
  An ugly thing (D:8)
  Maurice (D:9)
  2 manticores
  2 cyclopes
  Joseph (D:8)
  A gargoyle (D:10)
  A komodo dragon (D:12)
  Jeremiah (D:7)
  An unseen horror (D:12)
  A troll (D:12)
  A slime creature (D:8)
  3 wraiths
  A shadow (D:12)
  A spriggan (shapeshifter) (D:8)
  A vampire (D:9)
  19 yaks
  A wyvern (D:8)
  3 wargs (D:12)
  3 vampire mosquitoes (D:10)
  A steam dragon (D:10)
  Menkaure (D:7)
  3 acid dragons
  2 water moccasins
  2 sky beasts
  4 orc warriors
  An ogre (D:6)
  A centaur (D:8)
  A phantom (D:7)
  3 kobold brigands
  2 bullfrogs (D:9)
  A gnoll sergeant (D:6)
  2 scorpions
  14 killer bees
  2 howler monkeys (D:8)
  2 electric eels (D:11)
  2 hounds (D:6)
  2 jellies
  10 orc priests
  4 iguanas
  10 orc wizards
  Robin (D:2)
  3 gnolls
  8 adders
  3 dart slugs
  A ribbon worm (D:2)
  34 orcs
  2 bats
  7 endoplasms
  15 goblins
  10 hobgoblins
  2 jackals (D:1)
  A quokka (D:1)
  3 ball pythons
  A frilled lizard (D:2)
  17 kobolds
  A rat (D:3)
226 creatures vanquished.

Notes
Turn   | Place    | Note
-------+----------+-------------------------------------------
     0 | D:1      | Momoko the Mountain Dwarf Hunter began the quest for the
                  | Orb.
     0 | D:1      | Reached XP level 1. HP: 17/17 MP: 1/1
    78 | D:1      | Found a faded altar of an unknown god.
   177 | D:1      | Reached XP level 2. HP: 23/24 MP: 2/2
   813 | D:2      | Found Lawirch's Antique Weapon Shoppe.
   936 | D:2      | Found Fuallio's Assorted Antiques.
   985 | D:2      | Reached XP level 3. HP: 30/30 MP: 3/3
  1077 | D:2      | Noticed Robin
  1084 | D:2      | Killed Robin
  1626 | D:2      | Reached skill level 3 in Fighting
  1626 | D:2      | Reached XP level 4. HP: 31/38 MP: 4/4
  2132 | D:3      | Found a shadowy altar of Dithmenos.
  2157 | D:3      | Noticed Terence
  2666 | D:4      | Found an opulent altar of Gozag.
  2822 | D:4      | Reached skill level 1 in Maces & Flails
  3142 | D:4      | Found an iron altar of Okawaru.
  3276 | D:4      | Reached XP level 5. HP: 45/45 MP: 5/5
  3555 | D:5      | Entered Level 5 of the Dungeon
  3594 | D:5      | Found a staircase to the Ecumenical Temple.
  3615 | Temple   | Entered the Ecumenical Temple
  3621 | Temple   | Became a worshipper of Qazlal Stormbringer
  3644 | D:5      | Found a blossoming altar of Fedhas.
  3644 | D:5      | Noticed a water moccasin
  3659 | D:5      | Killed a water moccasin
  3660 | D:5      | Reached XP level 6. HP: 36/51 MP: 6/6
  4159 | D:5      | Reached skill level 5 in Axes
  4423 | D:6      | Reached skill level 1 in Armour
  4423 | D:6      | Reached XP level 7. HP: 57/57 MP: 7/7
  4910 | D:6      | Identified the +0 robe of Skepticism {rF+ Dex+6 SInv
                  | Stlth-}
  5333 | D:6      | Reached * piety under Qazlal
  5529 | D:6      | Reached XP level 8. HP: 50/56 MP: 8/8
  5790 | D:6      | Found a hazy altar of Hepliaklqana.
  5792 | D:6      | Found a faded altar of an unknown god.
  5884 | D:7      | Noticed Menkaure
  5895 | D:7      | Killed Menkaure
  5896 | D:7      | Reached skill level 4 in Fighting
  5896 | D:7      | Reached skill level 1 in Evocations
  6494 | D:7      | Noticed Jeremiah
  6517 | D:7      | Killed Jeremiah
  6532 | D:7      | Reached skill level 5 in Fighting
  6823 | D:7      | Reached skill level 10 in Axes
  7004 | D:7      | Reached XP level 9. HP: 66/74 MP: 9/9
  7474 | D:8      | Reached skill level 1 in Invocations
  7479 | D:8      | Reached skill level 6 in Fighting
  8219 | D:8      | Noticed Joseph
  8230 | D:8      | Killed Joseph
  8231 | D:8      | Reached skill level 5 in Armour
  8474 | D:9      | Noticed casual's ghost (journeyman DjAl)
  8474 | D:9      | Noticed zorb987's ghost (novice GnRe)
  8474 | D:9      | Noticed wilfster70's ghost (novice DrCj)
  8474 | D:9      | Noticed Smolly's ghost (novice CoBr)
  8474 | D:9      | Found a runed translucent gate.
  8474 | D:9      | Found a runed translucent gate.
  8474 | D:9      | Found a runed translucent gate.
  8553 | D:9      | Noticed Maurice
  8567 | D:9      | Maurice stole a ring of ice
  8569 | D:9      | Maurice stole a beast talisman
  8579 | D:9      | Killed Maurice
  8580 | D:9      | Reached skill level 7 in Fighting
  8674 | D:9      | Reached ** piety under Qazlal
  9440 | D:8      | Noticed a red ugly thing
  9483 | D:8      | Reached XP level 10. HP: 54/88 MP: 13/13
  9767 | D:8      | Reached skill level 8 in Fighting
  9771 | D:8      | Noticed a manticore
  9794 | D:8      | Killed a manticore
  9816 | D:8      | Killed a red ugly thing
  9817 | D:8      | Reached skill level 9 in Fighting
  9817 | D:8      | Reached skill level 5 in Invocations
  9831 | D:8      | Got the Notes on the Gusty Tesseract
 10043 | D:9      | Found a staircase to the Lair.
 10453 | D:10     | Entered Level 10 of the Dungeon
 10482 | D:10     | Learned a level 3 spell: Swiftness
 10716 | D:10     | Reached skill level 10 in Fighting
 10945 | D:10     | Found an ornate altar of the Wu Jian Council.
 11111 | D:10     | Noticed a two-headed ogre
 11122 | D:10     | Killed a two-headed ogre
 11123 | D:10     | Reached XP level 11. HP: 67/101 MP: 15/15
 11415 | D:10     | Reached skill level 11 in Fighting
 12192 | D:11     | Found a portal to a secret trove of treasure.
 12712 | D:11     | Reached *** piety under Qazlal
 13002 | D:11     | Noticed a boulder beetle
 13018 | D:11     | Killed a boulder beetle
 13023 | D:11     | Found Gutwiptu's Distillery.
 13028 | D:11     | Bought a potion of might for 60 gold pieces
 13028 | D:11     | Bought a potion of degeneration for 15 gold pieces
 13028 | D:11     | Bought a potion of mutation for 120 gold pieces
 13028 | D:11     | Bought 2 potions of enlightenment for 150 gold pieces
 13189 | D:11     | Reached skill level 12 in Fighting
 14059 | D:12     | Found a staircase to the Orcish Mines.
 14814 | D:12     | Reached skill level 10 in Armour
 15039 | D:12     | Noticed a tengu reaver
 15223 | D:12     | Killed from afar by a tengu reaver

Illustrated notes

Levels and vault maps discovered:
D:1:      spicycebolla_arrival_transporter_tutorial, layout_basic,
          ebering_ecumenical_altar_petrified
D:2:      mumra_celtic_spiral_tile, layout_basic, serial_shops, shop,
          nicolae_shop_overgrown_old_shop, minmay_misc_feat_pillars, uniq_robin
D:3:      layout_rooms, grunt_dithmenos_smoke_and_mirrors, uniq_terence
D:4:      layout_loops_ring, okawaru_altar_gauntlet_db, grunt_gozag_statues,
          minmay_quantized
D:5:      layout_loops_cross, mainiacjoe_overflow_small_starburst,
          minmay_temple_entry_glass
D:6:      layout_loops_ring, beargit_hepliaklqana_dungeon_heroes,
          minmay_misc_feat_plants
D:7:      layout_gridville, minmay_holes, uniq_menkaure, uniq_jeremiah
D:8:      cheibrodos_elevator_heist, layout_basic, uniq_joseph
D:9:      layout_rooms, dpeg_oklobed_lair, gammafunk_ghost_cemetery,
          uniq_maurice
D:10:     layout_loops_ring, mainiacjoe_overflow_six_doors_small
D:11:     layout_loops_ring, serial_shops, nicolae_shop_back_alley_shop,
          nicolae_trove_entry_isolated, hive_lemuel
D:12:     layout_roguey, david_orc_1_choice, kennysheep_just_a_vault
Temple:   nicolae_temple_x_marks_the_god

Skill      XL: |  1  2  3  4  5  6  7  8  9 10 11 |
---------------+----------------------------------+-----
Ranged Weapons | 4 |  4.3
Fighting       | 3 5 7 10 12 | 12.6
Maces & Flails | 2 3 |  3.4
Axes           | 3 5 8 10 11 | 11.6
Armour         | 1 2 4 6 8 10 | 10.0
Evocations     | 1 |  1.9
Invocations    | 4 6 7 |  7.4
Throwing       | |  0.1
Dodging        | |  1.3
Stealth        | |  0.6

Action                     |  1- 3 |  4- 6 |  7- 9 | 10-12 || total
---------------------------+-------+-------+-------+-------++-------
  Melee: Morningstar       |       |    63 |       |    62 ||   125
         War axe           |       |    51 |   115 |     6 ||   172
         Trident           |       |       |   225 |   310 ||   535
   Fire: Shortbow          |   137 |    48 |       |       ||   185
  Throw: Dart              |       |       |     6 |    23 ||    29
 Invoke: Upheaval          |       |       |       |     4 ||     4
  Evoke: Wand              |       |    14 |    15 |     1 ||    30
    Use: Scroll            |       |       |     9 |     5 ||    14
         Potion            |       |       |     1 |     3 ||     4
   Stab: Invisible         |       |       |       |     1 ||     1
 Armour: Leather armour    |    14 |       |       |       ||    14
         Chain mail        |    78 |   129 |   302 |   361 ||   870
  Dodge: Dodged            |    35 |    73 |   123 |   118 ||   349
  Block: Other             |       |       |    12 |    32 ||    44

Table legend: (Time is in decaauts)
 A = Elapsed time spent in this place.
 B = Non-inter-level travel time spent in this place.
 C = Inter-level travel time spent in this place.
 D = Time resting spent in this place.
 E = Time spent auto-exploring this place.
 F = Levels seen in this place.
 G = Mean time per level.
                   A        B        C        D        E       F      G
               +--------+--------+--------+--------+--------+-----+--------+
         Total |  15411 |  14333 |   1078 |   2344 |   9333 |  13 | 1185.5 |
       Dungeon |  15398 |  14330 |   1068 |   2344 |   9333 |  12 | 1283.2 |
        Temple |     12 |      2 |     10 |      0 |      0 |   1 |   12.0 |
               +--------+--------+--------+--------+--------+-----+--------+

Top non-repeatable levels by time:
     D:8: 2399 daAuts
    D:12: 1826 daAuts
    D:10: 1715 daAuts
     D:6: 1543 daAuts
     D:2: 1524 daAuts
    D:11: 1247 daAuts
     D:7: 1068 daAuts
     D:5: 1017 daAuts
     D:4: 948 daAuts
     D:9: 908 daAuts
     D:1: 741 daAuts
     D:3: 457 daAuts
  Temple: 12 daAuts
